 Dungeon Crawl Stone Soup version 0.21.0-30-g47ce8e4 (webtiles) character file.

240 Mirai the Conjurer (level 5, 0/28 HPs)
             Began as a Deep Elf Conjurer on Jan 28, 2018.
             Slain by jazmu's ghost (9 damage)
             ... on level 4 of the Dungeon.
             The game lasted 00:17:38 (3575 turns).

Mirai the Conjurer (Deep Elf Conjurer)              Turns: 3575, Time: 00:17:39

Health: 0/28       AC:  3    Str: 10    XL:     5   Next: 79%
Magic:  0/14       EV: 13    Int: 21    God:
Gold:   237        SH:  0    Dex: 15    Spells: 3/13 levels left

rFire    + . .     SeeInvis .   h - +1 mace (protect)
rCold    + . .     Gourm    .   (no shield)
rNeg     . . .     Faith    .   a - +1 robe
rPois    +         Spirit   .   (no helmet)
rElec    +         Reflect  .   (no cloak)
rCorr    +         Harm     .   (no gloves)
MR       .....                  (no boots)
Stlth    +++.......             (no amulet)
HPRegen  0.09/turn              m - ring of resist corrosion
MPRegen  0.14/turn              (no ring)

@: mighty, lethally poisoned (0 -> -4), resistant, very slightly contaminated,
hasted, very quick
A: no striking features
a: no special abilities


You were on level 4 of the Dungeon.
You were not hungry.

You visited 1 branch of the dungeon, and saw 4 of its levels.

You collected 237 gold pieces.

Inventory:

Hand Weapons
 e - a +0 falchion
 h - a +1 mace of protection (weapon)
 i - a +0 club
 j - a +0 club
 l - a +0 dagger
 r - a +0 club
 u - a cursed -2 whip
 v - a +0 dagger
 x - a +0 flail
 y - a +0 hand axe
 A - a +2 vampiric hand axe
 C - a +0 dagger
 E - a +0 whip
 F - a +0 flail
 G - a +0 war axe
 H - a +0 dagger
 I - a +0 flail
Missiles
 d - 12 arrows
 g - 6 curare-tipped needles
 k - a throwing net (quivered)
 q - 64 stones
 B - 18 poisoned needles
Armour
 a - a +1 robe (worn)
 w - a +0 robe
 J - a +0 leather armour
Jewellery
 m - a ring of resist corrosion (left hand)
Scrolls
 o - 3 scrolls of remove curse
 z - 4 scrolls of identify
Books
 b - a book of Conjurations

   Spells                             Type                      Level
   a - Magic Dart                     Conjuration                  1
   b - Searing Ray                    Conjuration                  2
   c - Dazzling Spray                 Conjuration/Hexes            3
   d - Fulminant Prism                Conjuration/Hexes            4
   e - Force Lance                    Conjuration/Translocation    4
   f - Iskenderun's Mystic Blast      Conjuration                  4
Comestibles
 c - 8 rations


   Skills:
 + Level 0.4 Fighting
 + Level 0.2 Short Blades
 + Level 0.2 Maces & Flails
 + Level 2.9 Dodging
 + Level 4.0 Stealth
 + Level 4.6 Spellcasting
 + Level 6.2 Conjurations


You had 3 spell levels left.
You knew the following spells:

 Your Spells              Type           Power        Failure   Level  Hunger
a - Magic Dart            Conj           ####         1%          1    None
b - Searing Ray           Conj           ####..       1%          2    #......
c - Dazzling Spray        Conj/Hex       ###...       10%         3    ##.....
d - Iskenderun's Mystic   Conj           ####....     9%          4    ####...


Dungeon Overview and Level Annotations

Branches:
Dungeon (4/15)
 Temple: D:4-7

Altars:
Ashenzari
Fedhas
Uskayaw
Zin

Annotations:
D:3 exclusion: oklob plant
D:4 jazmu's ghost, novice GrGl


Message History

Aiming: Searing Ray
Press: ? - help, Shift-Dir - straight line, f/p - jazmu's ghost
Aim: jazmu's ghost, wielding a weapon of venom (moderately damaged)
The searing ray hits jazmu's ghost.
Jazmu's ghost is moderately damaged. (Press . to maintain the ray.) Jazmu's ghost hits you!
You feel sick.
Casting: Searing Ray
Confirm with . or Enter, or press ? or * to list all spells.
Aiming: Searing Ray
Press: ? - help, Shift-Dir - straight line, f/p - jazmu's ghost
Aim: jazmu's ghost, wielding a weapon of venom (moderately damaged)
The searing ray hits jazmu's ghost.
Jazmu's ghost is moderately damaged. (Press . to maintain the ray.)
The searing ray hits jazmu's ghost.
Jazmu's ghost is heavily damaged.
You feel sick. Jazmu's ghost hits you!
You die...

#.#.#...#.# .. #.#.......#
#.. #.. #.#.......# ..###...
#.#.......# ..#....
#.#.#...#.# #...[..
#.#.......#.# ......
#...........###########.....
######...#####...............
............@W...............
##########...................
###########.........
##.<........ ##...#.#.....
##...####..... ##...## #....#
##...## #....# #...## ....#


You could see jazmu's ghost.

Vanquished Creatures
  A hound (D:4)
  2 orc priests (D:4)
  An orc wizard (D:3)
  A hound skeleton (D:4)
  3 adders
  4 worms
  A dart slug (D:2)
  A leopard gecko (D:3)
  6 orcs
  2 giant cockroaches
  10 goblins
  9 hobgoblins
  3 jackals (D:2)
  A quokka (D:2)
  6 bats
  A frilled lizard (D:3)
  6 kobolds
  5 rats
63 creatures vanquished.

Vanquished Creatures (others)
  12 toadstools (D:3)
12 creatures vanquished.

Grand Total: 75 creatures vanquished

Notes
Turn   | Place    | Note
-------+----------+-------------------------------------------
     0 | D:1      | Mirai the Deep Elf Conjurer began the quest for the Orb.
     0 | D:1      | Reached XP level 1. HP: 10/10 MP: 6/6
   450 | D:1      | Reached XP level 2. HP: 15/15 MP: 5/8
   474 | D:1      | Learned a level 2 spell: Searing Ray
   876 | D:1      | Reached skill level 5 in Conjurations
  1035 | D:2      | Found a hide-covered altar of Uskayaw.
  1036 | D:2      | Found a shattered altar of Ashenzari.
  1036 | D:2      | Found a glowing silver altar of Zin.
  1113 | D:2      | Found a blossoming altar of Fedhas.
  1164 | D:2      | Reached XP level 3. HP: 15/19 MP: 5/9
  1764 | D:2      | Learned a level 3 spell: Dazzling Spray
  2186 | D:3      | Reached XP level 4. HP: 24/24 MP: 8/10
  2508 | D:3      | Found a blossoming altar of Fedhas.
  2525 | D:3      | Noticed an oklob plant
  3174 | D:4      | Reached XP level 5. HP: 24/28 MP: 7/12
  3264 | D:4      | Reached skill level 6 in Conjurations
  3546 | D:4      | Noticed jazmu's ghost (novice GrGl)
  3548 | D:4      | Learned a level 4 spell: Iskenderun's Mystic Blast
  3575 | D:4      | Slain by jazmu's ghost

Skill      XL: |  1  2  3  4  5 |
---------------+----------------+-----
Conjurations   | 5 6 |  6.2
Stealth        | 3 4 |  4.0
Spellcasting   | 4 |  4.6
Fighting       | |  0.4
Short Blades   | |  0.2
Maces & Flails | |  0.2
Dodging        | |  2.9

Action                   |  1- 3 |  4- 6 || total
-------------------------+-------+-------++-------
Melee: Dagger            |     5 |       ||     5
       Mace              |       |     8 ||     8
 Cast: Magic Dart        |    78 |    52 ||   130
       Searing Ray       |       |     5 ||     5
  Use: Scroll            |     6 |     4 ||    10
       Potion            |       |     4 ||     4
  Eat: Chunk             |     4 |     4 ||     8
Armor: Robe              |     8 |     6 ||    14
Dodge: Dodged            |    18 |    22 ||    40
